 Dungeon Crawl Stone Soup version 0.28.0 (webtiles) character file.

Game seed: 3452602488058533478

89 GrayStillPlays the Skirmisher (level 4, 0/40 HPs)
             Began as a Draconian Fighter on Feb 9, 2022.
             Slain by a gnoll (5 damage)
             ... on level 3 of the Dungeon.
             The game lasted 00:03:09 (2459 turns).

GrayStillPlays the Skirmisher (Draconian Fighter)   Turns: 2459, Time: 00:03:10

Health: 0/40       AC:  5    Str: 18    XL:     4   Next: 31%
Magic:  6/6        EV:  6    Int: 10    God:
Gold:   75         SH:  0    Dex: 11    Spells: 5/5 levels left

rFire   + . .      SeeInvis .   a - +0 war axe {axe}
rCold   . . .      Faith    .   b - +0 buckler
rNeg    . . .      Spirit   .   (armour unavailable)
rPois   .          Reflect  .   (helmet restricted)
rElec   .          Harm     .   (no cloak)
rCorr   .          Rampage  .   (no gloves)
Will    .....                   (no boots)
Stlth   +.........              (no amulet)
HPRegen 0.13/turn               e - ring of protection from fire
MPRegen 0.10/turn               g - ring of wizardry

@: held
A: AC +5, unfitting armour, cold-blooded
a: no special abilities


You were on level 3 of the Dungeon.
You visited 1 branch of the dungeon, and saw 3 of its levels.

You collected 75 gold pieces.


Innate Abilities, Weirdness & Mutations

Your plain brown scales are hard. (AC +5)
You cannot fit into any form of body armour.
You are cold-blooded and may be slowed by cold attacks.


   Skills:
 + Level 3.9 Fighting
 + Level 2.6 Axes
 + Level 3.1 Dodging
 + Level 3.5 Shields
 + Level 1.4 Spellcasting


You had 5 spell levels left.
You didn't know any spells.
Your spell library contained the following spells:

 Spells                   Type           Power      Damage    Failure   Level
 Sting                    Tmut/Pois      0%         1d3       17%         1
 Poisonous Vapours        Pois/Air       0%         N/A       26%         2
 Dazzling Flash           Conj/Hex       0%         N/A       45%         3
 Olgreb's Toxic Radiance  Pois           0%         N/A       83%         4
 Agony                    Necr           0%         N/A       99%         5
 Silence                  Hex/Air        0%         N/A       99%         5

Inventory:

Hand Weapons
 a - a +0 war axe (weapon) {axe}
 n - a +1 dagger of venom {short}
   (You took it off a kobold on level 2 of the Dungeon)
 p - a +0 whip of draining {mace}
   (You found it on level 2 of the Dungeon)
 t - a +2 dagger of venom {short}
   (You took it off a goblin on level 3 of the Dungeon)
Missiles
 d - 105 stones (quivered) {throwing}
 i - 4 poisoned darts {throwing}
 l - 20 bolts
 q - 33 arrows
 r - 21 sling bullets
Armour
 b - a +0 buckler (worn)
Jewellery
 e - a ring of protection from fire (left hand)
   (You found it on level 1 of the Dungeon)
 g - a ring of wizardry (right hand)
   (You found it on level 1 of the Dungeon)
Scrolls
 h - a scroll of noise {unknown}
 j - a scroll of amnesia {unknown}
 m - a scroll of teleportation {unknown}
 s - a scroll of identify {unknown}
Potions
 c - a potion of might
 f - 2 potions of magic {unknown}
 k - a potion of mutation {unknown}
 o - a potion of resistance {unknown}

Dungeon Overview and Level Annotations

Branches:
Dungeon (3/15)

Altars:
Vehumet

... #.# #.## . #
##...####..
....#####.#.>....!..
.....................##
##....###.#.#.####.#..
..... ##...# #.#.# ##..
##@######.#.# ##
#)##.......#
#g##.......#
#.##...)...#
#.##.....<.#
#.##.......#
#.##†......#
#.##......)#
##.#.###.##.#


You could see a gnoll.


Message History

Found a stone staircase leading down.
A goblin is nearby!
The goblin hits you with a +2 dagger of venom.
You are poisoned. 😕 HP[-3]
You take 3 damage, and now have 37/40 hp.
You hit the goblin but do no damage.
You feel very sick.
The goblin hits you with a +2 dagger of venom.
You are more poisoned. 😕 HP[-6]
You take 6 damage, and now have 31/40 hp.
You slash the goblin!
You kill the goblin!
You feel very sick. 😮 HP[-5]
You take 5 damage, and now have 26/40 hp.
You feel very sick.
t - a +2 dagger of venom {short} You see here a goblin corpse.
You feel sick. 😮 HP[-4]
You take 4 damage, and now have 22/40 hp.
You feel sick. 😨 HP[-2]
You take 2 damage, and now have 20/40 hp.
You feel sick.
You feel sick.
You feel sick.
You feel sick.
You feel sick.
You feel sick.
You are no longer poisoned.
You now have 75 gold pieces (gained 7).
A gnoll comes into view. It is wielding a +0 flail.
The gnoll shouts! 😎 HP[+20]
Your hp is fully restored (40).
A gnoll is nearby!
A gnoll comes into view. It is wielding a +0 spear.
The gnoll misses you. The gnoll hits you but does no damage.
You see here a goblin skeleton.
You hit the gnoll but do no damage.
Your tail-slap misses the gnoll.
The gnoll hits you but does no damage. The gnoll misses you.
You barely miss the gnoll. You block the gnoll's attack.
The gnoll barely misses you. x2; You block the gnoll's attack.
You hit the gnoll but do no damage. You block the gnoll's attack.
The gnoll hits you but does no damage.
You slash the gnoll! The gnoll hits you with a +0 flail.
The gnoll closely misses you. You block the gnoll's attack. 😕 HP[-5]
You take 5 damage, and now have 35/40 hp.
You completely miss the gnoll. The gnoll hits you but does no damage.
You block the gnoll's attack. The gnoll completely misses you.
Unknown command.
You completely miss the gnoll.
Your tail-slap misses the gnoll.
The gnoll hits you with a +0 flail.
The gnoll hits you from afar with a +0 spear. 😮 HP[-10]
You take 10 damage, and now have 25/40 hp.
MASSIVE DAMAGE!! (PAUSE)
You hit the gnoll.
You kill the gnoll!
The gnoll hits you from afar with a +0 spear!
* * * LOW HITPOINT WARNING * * *
The gnoll hits you from afar with a +0 spear.
* * * LOW HITPOINT WARNING * * *
😨 HP[-10]
You take 10 damage, and now have 15/40 hp.
MASSIVE DAMAGE!! (PAUSE)
The gnoll misses you.
Things that are here:
a +0 flail {mace}; a gnoll corpse; 😨 HP[+1]
You hit the gnoll.
Your tail-slap misses the gnoll.
The gnoll hits you with a +0 spear.
* * * LOW HITPOINT WARNING * * *
😨 HP[-1]
You take 1 damage, and now have 15/40 hp.
You hit the gnoll. The gnoll hits you with a +0 spear.
* * * LOW HITPOINT WARNING * * *
😱 HP[-6]
You take 6 damage, and now have 9/40 hp.
You hit the gnoll. You block the gnoll's attack.
The gnoll hits you with a +0 spear.
* * * LOW HITPOINT WARNING * * *
😱 HP[-5]
You take 5 damage, and now have 4/40 hp.
You hit the gnoll but do no damage. You block the gnoll's attack.
You barely miss the gnoll.
The gnoll drinks a potion.
The gnoll is healed!
The gnoll barely misses you.
You closely miss the gnoll.
The gnoll hits you but does no damage. 😱 HP[+1]
The gnoll throws a throwing net.
The throwing net hits you.
You become entangled in the net!
Things that are here:
a throwing net {=f!fthrowing}; a goblin skeleton You struggle against the net.
The gnoll hits you from afar with a +0 spear.
You die...

Skill      XL: |  1  2  3 |
---------------+----------+-----
Spellcasting   | 1 |  1.4
Dodging        | 3 |  3.1
Fighting       | |  3.9
Axes           | |  2.6
Shields        | |  3.5

Action                   |  1- 3 |  4- 6 || total
-------------------------+-------+-------++-------
Melee: War axe           |   107 |    34 ||   141
       Tailslap          |    14 |     1 ||    15
 Stab: Sleeping          |     1 |       ||     1
Armor: Skin              |    30 |    12 ||    42
Dodge: Dodged            |    64 |    19 ||    83
Block: Buckler           |    25 |    13 ||    38

Levels and vault maps discovered:
D:1:      dpeg_arrival_morbid_curiosity, layout_basic,
          hellmonk_ecumenical_altar_lost_god, minmay_misc_feat_iff,
          minmay_vboxes
D:2:      layout_rooms, basic_altar, minmay_misc_feat_rugged
D:3:      layout_loops_ring, vehumet_altar_wand_db,
          chequers_temple_overflow_statue_of_worship

Notes
Turn   | Place    | Note
-------+----------+-------------------------------------------
     0 | D:1      | GrayStillPlays the Draconian Fighter began the quest for
                  | the Orb.
     0 | D:1      | Reached XP level 1. HP: 19/19 MP: 1/1
     0 | D:1      | magus.rc [v1.9.6]
   208 | D:1      | You add the spells Sting, Poisonous Vapours and Olgreb's
                  | Toxic Radiance to your library.
   244 | D:1      | Reached XP level 2. HP: 26/26 MP: 2/2
   491 | D:1      | Found a faded altar of an unknown god.
   968 | D:1      | HP: 6/26 [endoplasm (1)]
  1226 | D:1      | Reached XP level 3. HP: 25/31 MP: 4/4
  1234 | D:1      | Reached skill level 1 in Spellcasting
  1241 | D:1      | Reached skill level 3 in Dodging
  1605 | D:2      | You pick up a book of the Senses and begin reading...
  1605 | D:2      | You add the spells Dazzling Flash, Agony and Silence to
                  | your library.
  1850 | D:2      | Reached XP level 4. HP: 40/40 MP: 6/6
  1972 | D:2      | Found a radiant altar of Vehumet.
  2453 | D:3      | HP: 9/40 [gnoll (6)]
  2454 | D:3      | HP: 4/40 [gnoll (5)]
  2459 | D:3      | Slain by a gnoll

Vanquished Creatures
  A gnoll (D:3)
  An adder (D:2)
  A worm (D:2)
  3 dart slugs (D:1)
  An orc (D:3)
  3 ball pythons (D:1)
  3 bats
  7 endoplasms
  A giant cockroach (D:1)
  11 goblins
  5 hobgoblins
  2 quokkas (D:2)
  2 frilled lizards (D:1)
  7 kobolds
  6 rats
54 creatures vanquished.

Table legend:
 A = Non-vault XP
 B = Vault XP
 C = Vault XP percentage of total XP
 D = Non-vault monster count
 E = Vault monster count
 F = Vault count percentage of total count
                 A         B        C        D         E       F
            +---------+---------+-------+---------+---------+-------
      Total |     102 |      26 |  20.3 |      41 |      13 |  24.1
            +---------+---------+-------+---------+---------+-------
        D:1 |      30 |      26 |  46.4 |      16 |      13 |  44.8
        D:2 |      50 |       0 |   0.0 |      21 |       0 |   0.0
        D:3 |      22 |       0 |   0.0 |       4 |       0 |   0.0
            +---------+---------+-------+---------+---------+-------

Illustrated notes

Table legend:
 A = Kills in this place as a percentage of kills in entire the game.
 B = Kills by you in this place as a percentage of kills by you in the entire game.
 C = Kills by friends in this place as a percentage of kills by friends in the entire game.
 D = Other kills in this place as a percentage of other kills in the entire game.
 E = Experience gained in this place as a percentage of experience gained in the entire game.
 F = Experience gained in this place divided by the number of levels of this place that you have seen.
                   A       B       C       D       E      F
               +-------+-------+-------+-------+-------+----------------------
         Total | 100.0 | 100.0 |   N/A |   N/A | 100.0 |  42.7
       Dungeon | 100.0 | 100.0 |   N/A |   N/A | 100.0 |  42.7
               +-------+-------+-------+-------+-------+----------------------

Table legend: (Time is in decaauts)
 A = Elapsed time spent in this place.
 B = Non-inter-level travel time spent in this place.
 C = Inter-level travel time spent in this place.
 D = Time resting spent in this place.
 E = Time spent auto-exploring this place.
 F = Levels seen in this place.
 G = Mean time per level.
                   A        B        C        D        E       F      G
               +--------+--------+--------+--------+--------+-----+--------+
         Total |   2525 |   2484 |     41 |      0 |   2097 |   3 |  841.7 |
       Dungeon |   2525 |   2484 |     41 |      0 |   2097 |   3 |  841.7 |
               +--------+--------+--------+--------+--------+-----+--------+

Top non-repeatable levels by time:
     D:1: 1469 daAuts
     D:2: 679 daAuts
     D:3: 376 daAuts
